 Dungeon Crawl Stone Soup version 0.32-a0-768-g0f6f1dd4b9 (webtiles) character file.

Game seed: 10473968244533120817

0 BMASTER576 the Conjurer (level 1, -1/11 HPs)
             Began as an Octopode Conjurer on Mar 18, 2024.
             Slain by a goblin
             ... wielding a +0 club
              (4 damage)
             ... on level 1 of the Dungeon.
             The game lasted 00:03:23 (24 turns).

BMASTER576 the Conjurer (Octopode Conjurer)           Turns: 24, Time: 00:03:23

Health: -1/11      AC:  1    Str:  6    XL:     1   Next: 10%
Magic:  3/3        EV: 12    Int: 20    God:
Gold:   0          SH:  0    Dex: 10    Spells: 3/4 levels left

rFire   . . .        (no weapon)
rCold   . . .        (no shield)
rNeg    . . .        (helmet restricted)
rPois   .            (no amulet)
rElec   .            (no ring)
rCorr   .            (no ring)
SInv    .            (no ring)
Will    .....        (no ring)
Stlth   +++          (no ring)
HPRegen 0.21/turn    (no ring)
MPRegen 0.08/turn    (no ring)
                     (no ring)

%: no passive effects
@: no status effects
A: almost no armour, amphibious, 8 rings, camouflage 1, gelatinous body 1,
(nimble swimmer 1), tentacles
a: no special abilities


You were on level 1 of the Dungeon.
You visited 1 branch of the dungeon, and saw 1 of its levels.

Inventory:

Scrolls
 b - a scroll of identify {unknown}
Potions
 a - a potion of magic


   Skills:
 + Level 2.0 Dodging
 + Level 2.6 Stealth
 + Level 2.0 Spellcasting
 + Level 4.0 Conjurations


You had 3 spell levels left.
You knew the following spells:

 Your Spells              Type           Power      Damage    Failure   Level
a - Magic Dart            Conj           72%        1d6       3%          1

Your spell library contained the following spells:

 Spells                   Type           Power      Damage    Failure   Level
 Searing Ray              Conj           36%        2d5       4%          2
 Fulminant Prism          Conj/Alch      5%         3d7       56%         4
 Iskenderun's Mystic Bla  Conj/Tloc      10%        2d4       56%         4


Dungeon Overview and Level Annotations

Branches:
Dungeon (1/15)

Altars:


Innate Abilities, Weirdness & Mutations

You cannot wear most types of armour.
You are amphibious.
You can wear up to eight rings at the same time.
Your skin changes colour to match your surroundings (Stealth+).
Your rubbery body absorbs attacks. (AC +1, EV +1)
((You are camouflaged when in or above water. (Stealth+)))
You have tentacles for arms and can constrict up to eight enemies at once.


Message History

b - a scroll labelled DYCRYL ZUIX
There is a stone staircase leading down here.
There is an open door here.
Found a stone staircase leading down.
A ball python comes into view.
Found an inky potion.
Welcome back, BMASTER576 the Octopode Conjurer.
Press ? for a list of commands and other information.
The ball python hisses angrily.
A kobold and a goblin come into view.
The goblin shouts!
The ball python bites you but does no damage.
The ball python closely misses you. The ball python bites you.
The ball python completely misses you.
You barely miss the ball python. Your grab misses the ball python.
A bat comes into view.
The ball python bites you but does no damage.
The ball python grabs you. The ball python constricts you.
You escape the ball python's grasp.
Your magic is already full.
The ball python barely misses you. The ball python grabs you.
The ball python constricts you.
You tentacle-slap the ball python. You grab the ball python.
The ball python is moderately wounded.
You constrict the ball python.
You kill the ball python!
A giant cockroach comes into view.
The goblin closely misses you. The bat closely misses you.
The goblin completely misses you.
You see here a ball python corpse.
The bat closely misses you. The goblin hits you with a +0 club.
The bat barely misses you. The giant cockroach bites you.
The goblin attacks as it pursues you! The goblin hits you with a +0 club.
* * * LOW HITPOINT WARNING * * *
You see here an inky potion.
There is a stone staircase leading down here.
The bat misses you.
The giant cockroach bites you but does no damage.
The goblin hits you with a +0 club.
You die...

## .## . ..###
##
..####...####...
#.............##
.......B.......#
###...Kg@....#.
#.....b......#
#.####.####### #
#.# ###.## .
#....## ..
#.....#...
#####........#
#>..'........#


You could see a giant cockroach, a goblin, a bat and a kobold.

Vanquished Creatures
  A ball python (D:1)
1 creature vanquished.

Notes
Turn   | Place    | Note
-------+----------+-------------------------------------------
     0 | D:1      | BMASTER576 the Octopode Conjurer began the quest for the
                  | Orb.
     0 | D:1      | Reached XP level 1. HP: 11/11 MP: 3/3
    24 | D:1      | Slain by a goblin

Illustrated notes

Levels and vault maps discovered:
D:1:      elethiomel_arrival_shortcut, layout_rooms, serial_shops, shop

Action                     || total
---------------------------++-------
  Melee: Unarmed           ||     2
         Constrict         ||     1
 Armour: Skin              ||    10
  Dodge: Dodged            ||     9

Table legend: (Time is in decaauts)
 A = Elapsed time spent in this place.
 B = Non-inter-level travel time spent in this place.
 C = Inter-level travel time spent in this place.
 D = Time resting spent in this place.
 E = Time spent auto-exploring this place.
 F = Levels seen in this place.
 G = Mean time per level.
                   A        B        C        D        E       F      G
               +--------+--------+--------+--------+--------+-----+--------+
         Total |     24 |     16 |      8 |      0 |      0 |   1 |   24.0 |
       Dungeon |     24 |     16 |      8 |      0 |      0 |   1 |   24.0 |
               +--------+--------+--------+--------+--------+-----+--------+

Top non-repeatable levels by time:
     D:1: 24 daAuts
